 Dungeon Crawl Stone Soup version 0.26-a0-611-g354ed81502 (webtiles) character file.

Game seed: 163939812652970232

14 MrRokkomies the Sneak (level 2, 0/19 HPs)
             Began as an Octopode Brigand on Sept 7, 2020.
             Slain by a dart slug (2 damage)
             ... on level 1 of the Dungeon.
             The game lasted 00:00:45 (52 turns).

MrRokkomies the Sneak (Octopode Brigand)              Turns: 52, Time: 00:00:46

Health: 0/19       AC:  1    Str: 10    XL:     2   Next: 41%
Magic:  2/2        EV: 13    Int: 13    God:
Gold:   14         SH:  0    Dex: 13    Spells: 1/1 levels left

rFire    . . .     SeeInvis .   a - +2 dagger
rCold    . . .     Faith    .   (no shield)
rNeg     . . .     Spirit   .   (helmet restricted)
rPois    .         Reflect  .   (no amulet)
rElec    .         Harm     .   (no ring)
rCorr    .                      (no ring)
MR       .....                  (no ring)
Stlth    ++++......             (no ring)
HPRegen  0.06/turn              (no ring)
MPRegen  0.08/turn              (no ring)
                                (no ring)
                                (no ring)

@: no status effects
A: almost no armour, stealthy swim, amphibious, 8 rings, constrict 8, camouflage
1, gelatinous body 1
a: no special abilities


You were on level 1 of the Dungeon.
You visited 1 branch of the dungeon, and saw 1 of its levels.

You collected 14 gold pieces.

Inventory:

Hand Weapons
 a - a +2 dagger (weapon)
Missiles
 b - 7 poisoned darts (quivered)
 c - 2 curare-tipped darts


   Skills:
 + Level 2.1 Fighting
 * Level 2.3 Short Blades
 + Level 2.2 Throwing
 * Level 1.4 Dodging
 - Level 5.3 Stealth


You had one spell level left.
You didn't know any spells.
Your spell library was empty.

Dungeon Overview and Level Annotations

Branches:
Dungeon (1/15)

Altars:


Innate Abilities, Weirdness & Mutations

You cannot wear most types of armour.
You are very stealthy in the water. (Stealth+)
You are amphibious.
You can wear up to eight rings at the same time.
You can use your tentacles to constrict eight enemies at once.
Your skin changes colour to match your surroundings (Stealth+).
Your rubbery body absorbs attacks. (AC +1, EV +1)


Message History

Fire/throw which item? (* to show all) (? for menu, Esc to quit)
Throwing (i - inventory. (/) - cycle)
b - 4 poisoned darts (quivered)
Press: ? - help, Shift-Dir - straight line, f/p - ooze
Aim: an ooze (moderately wounded)
You throw a curare-tipped dart. The curare-tipped dart hits the ooze.
The ooze is moderately wounded.
Unknown command.
You barely miss the ooze. You squeeze the ooze!
You kill the ooze!
c - 2 curare-tipped darts (gained 1);
b - 6 poisoned darts (gained 2)
You see here a rat corpse.
b - 7 poisoned darts (gained 1)
You start resting.
A dart slug is nearby!
A dart slug is nearby!
You see here a rat corpse.
You start resting.
A dart slug is nearby!
The dart slug bites you.
You die...

.... ##.#.. . ..# # #?#.#
#(##?#.###### .$#...##.w##
..#.##†#†.##.#@#### ##.
..........†..##...###
##.(.#
...###.....######...###...#
#####w.# ##.......# ##.#
###.<.### .# #.......# ..
#...###...# #.##...##
##...# .#.### ##.


You could see a dart slug.

Vanquished Creatures
  An ooze (D:1)
  A dart slug (D:1)
  4 jackals (D:1)
  A rat (D:1)
7 creatures vanquished.

Notes
Turn   | Place    | Note
-------+----------+-------------------------------------------
     0 | D:1      | MrRokkomies the Octopode Brigand began the quest for the
                  | Orb.
     0 | D:1      | Reached XP level 1. HP: 14/14 MP: 1/1
    31 | D:1      | Reached XP level 2. HP: 4/19 MP: 2/2
    52 | D:1      | Slain by a dart slug

Illustrated notes

Levels and vault maps discovered:
D:1:      dpeg_arrival_simpleton_a, layout_basic, minmay_small_reverse_x

Action                   || total
-------------------------++-------
Melee: Dagger            ||    11
       Constrict         ||     3
       Tentacles         ||     4
Throw: Dart              ||     5
 Stab: Sleeping          ||     1
Dodge: Dodged            ||    11

Table legend: (Time is in decaauts)
 A = Elapsed time spent in this place.
 B = Non-inter-level travel time spent in this place.
 C = Inter-level travel time spent in this place.
 D = Time resting spent in this place.
 E = Time spent auto-exploring this place.
 F = Levels seen in this place.
 G = Mean time per level.
                   A        B        C        D        E       F      G
               +--------+--------+--------+--------+--------+-----+--------+
         Total |     50 |     50 |      0 |      8 |      8 |   1 |   50.0 |
       Dungeon |     50 |     50 |      0 |      8 |      8 |   1 |   50.0 |
               +--------+--------+--------+--------+--------+-----+--------+

Top non-repeatable levels by time:
     D:1: 50 daAuts
